 Dungeon Crawl Stone Soup version 0.30.1-11-g7821555f0a (webtiles) character file.

Game seed: 142528732334647300

28 Chiseanne the Grasshopper (level 3, 13/26 HPs)
             Began as a Demonspawn Wanderer on Nov 17, 2023.
             Quit the game on level 2 of the Dungeon.
             The game lasted 00:01:15 (1233 turns).

Chiseanne the Grasshopper (Demonspawn Wanderer)     Turns: 1233, Time: 00:01:16

Health: 13/26      AC:  8    Str: 12    XL:     3   Next: 0%
Magic:  6/6        EV:  9    Int: 13    God:
Gold:   16         SH:  0    Dex: 14    Spells: 6/6 levels left

rFire   . . .        a - +0 long sword
rCold   . . .        (no shield)
rNeg    . . .        b - +0 scale mail
rPois   .            (no helmet)
rElec   .            (no cloak)
rCorr   .            (no gloves)
SInv    .            (no boots)
Will    .....        (no amulet) Stlth
                     (no ring)
HPRegen 0.24/turn    (no ring)
MPRegen 0.10/turn

%: no passive effects
@: no status effects
A: molten scales 1, demonic touch 1
a: no special abilities


You were on level 2 of the Dungeon.
You visited 1 branch of the dungeon, and saw 2 of its levels.

You collected 16 gold pieces.

Inventory:

Hand Weapons
 a - a +0 long sword (weapon)
Missiles
 e - 23 stones (quivered)
 h - 5 boomerangs
Armour
 b - a +0 scale mail (worn)
Scrolls
 c - a scroll of teleportation
Potions
 d - a potion of might {unknown}
 f - 2 potions of curing


   Skills:
 * Level 1.3 Fighting
 - Level 1.7 Long Blades
 * Level 1.7 Armour
 * Level 1.2 Dodging
 - Level 2.0 Spellcasting
 - Level 2.6 Translocations
 - Level 1.2 Invocations
 - Level 1.0 Evocations


You had 6 spell levels left.
You didn't know any spells.
Your spell library contained the following spells:

 Spells                   Type           Power      Damage    Failure   Level
 Lesser Beckoning         Tloc           16%        N/A       54%         2
 Momentum Strike          Conj/Tloc      8%         3d8       75%         2
 Magic Dart               Conj           4%         1d3       78%         1
 Call Imp                 Summ           2%         N/A       89%         2
 Vhi's Electric Charge    Tloc/Air       8%         N/A       92%         3
 Mephitic Cloud           Conj/Pois/Air  1%         N/A       98%         3
 Arcjolt                  Conj/Air       0%         1d10      100%        5
 Maxwell's Capacitive Co  Air            0%         ∞         100%        8


Dungeon Overview and Level Annotations

Branches:
Dungeon (2/15)

Altars:
Hepliaklqana


Innate Abilities, Weirdness & Mutations

You are partially covered in molten scales. (AC +2)
Your touch may inflict minor irresistible damage on your foes.


Message History

You are too injured to fight recklessly!
You are too injured to fight recklessly!
You are too injured to fight recklessly!
You are too injured to fight recklessly!
You are too injured to fight recklessly!
You are too injured to fight recklessly!
You are too injured to fight recklessly!
You are too injured to fight recklessly!
You are too injured to fight recklessly!
You are too injured to fight recklessly!
You are too injured to fight recklessly!
You are too injured to fight recklessly!
You are too injured to fight recklessly!
You are too injured to fight recklessly!
You are too injured to fight recklessly!
You are too injured to fight recklessly!
You are too injured to fight recklessly!
You are too injured to fight recklessly!
You are too injured to fight recklessly!
You are too injured to fight recklessly!
You are too injured to fight recklessly!
You are too injured to fight recklessly!
The hobgoblin attacks as you move away! The hobgoblin closely misses you.
The hobgoblin attacks as you move away!
The hobgoblin hits you but does no damage.
You see here a ball python corpse.
There is an open door here.
You hit the hobgoblin.
The hobgoblin is heavily wounded.
The hobgoblin hits you.
You slash the hobgoblin!
You kill the hobgoblin!
The dart slug barely misses you.
You have reached level 3!
Your experience leads to an increase in your attributes!
Increase (s)trength, (i)ntelligence, or (d)exterity?
You feel stronger. x2; Your demonic ancestry asserts itself...
Your hands begin to faintly glow with unholy energy.
You close the door.
Are you sure you want to abandon this character and quit the game? (Confirm with "yes".)

.#.[#.################.##########
##.....................#.........
#.##.##################.########
#.##.# ..###### ##...........
#....# #.#....# #<.....######
###### #.#....# #......######
#.#....# #......#.....
#.#....######......#.####
###+#.....w+@...........^....
###.......†.w###........##.####
#..........### #............###
...........### #...............
.............# #........#......
.............###....)........##
.............#.......####.##.#.
....#'#......#.......'.....#.#.
....#.#......#.......#.....#.#.


There were no monsters in sight!

Vanquished Creatures
  A ball python (D:2)
  2 bats (D:1)
  3 endoplasms
  2 giant cockroaches (D:1)
  2 goblins (D:1)
  2 hobgoblins
  A quokka (D:1)
  2 frilled lizards
  5 kobolds (D:1)
  5 rats
25 creatures vanquished.

Notes
Turn   | Place    | Note
-------+----------+-------------------------------------------
     0 | D:1      | Chiseanne the Demonspawn Wanderer began the quest for the
                  | Orb.
     0 | D:1      | Chiseanne set off with the following items: a +0 long
                  | sword, a +0 scale mail, a scroll of teleportation; and the
                  | following spells available to memorise: Lesser Beckoning,
                  | Momentum Strike.
     0 | D:1      | Reached XP level 1. HP: 13/13 MP: 3/3
   278 | D:1      | Gained mutation: You are partially covered in molten
                  | scales. (AC +2) [demonic ancestry]
   278 | D:1      | Reached XP level 2. HP: 20/20 MP: 5/5
   313 | D:1      | Reached skill level 1 in Fighting
   383 | D:1      | Reached skill level 1 in Dodging
   511 | D:1      | Found a faded altar of an unknown god.
  1090 | D:2      | Found a hazy altar of Hepliaklqana.
  1231 | D:2      | Gained mutation: Your touch may inflict minor irresistible
                  | damage on your foes. [demonic ancestry]
  1231 | D:2      | Reached XP level 3. HP: 13/26 MP: 6/6
  1233 | D:2      | Quit the game

Illustrated notes

Levels and vault maps discovered:
D:1:      onia_arrival_mini_spirals, layout_loops_ring,
          shapermc_ecumenical_altar_venn, minmay_misc_feat_nine_boxes
D:2:      layout_basic, basic_altar, minmay_pentomino_q2

Skill      XL: |  1  2 |
---------------+-------+-----
Fighting       | 1 |  1.3
Dodging        | 1 |  1.2
Long Blades    | |  1.7
Armour         | |  1.7
Spellcasting   | |  2.0
Translocations | |  2.6
Invocations    | |  1.2
Evocations     | |  1.0

Action                     || total
---------------------------++-------
  Melee: Long sword        ||    75
         Punch             ||     1
    Use: Scroll            ||     3
 Armour: Scale mail        ||    51
  Dodge: Dodged            ||    39
